Doug, neutral male scurrid Tourist |.a |@. |$. Doug the Rambler Experience level: 1 Strength: 11 Dexterity: 10 Constitution: 14 Intelligence: 12 Wisdom: 11 Charisma: 17 Health: 0(14) Energy: 2(2) Def: 0 Gold: 794 Moves: 148 Dungeon seed: o9QaTKO88Digkon1 Game ID: Doug_1528901182 Your Inventory: Coins $ - 794 gold pieces Weapons a - 38 blessed +2 darts (in quiver) Armor e - an uncursed +0 Hawaiian shirt (being worn) Comestibles b - 4 uncursed food rations c - an uncursed tin of jackal meat d - an uncursed chestnut f - an uncursed eucalyptus leaf g - an uncursed tin of sewer rat meat h - an uncursed tin of kobold meat Scrolls j - 4 uncursed scrolls of magic mapping p - a cursed scroll of identify Wands m - an uncursed wand of secret door detection (0:13) Tools k - an uncursed expensive camera (0:78) l - an uncursed credit card n - an uncursed leash o - an uncursed tin whistle Spells and supernatural/magical abilities: Name Level Category Fail Memory W - pray for help -- divine ? -- Your skills at the end: Miscellaneous Skills wands [Basic] Weapon Skills dart [Basic] Spellcasting Skills Final Attributes: You were devoutly aligned. You had infravision. You were very stealthy. You are dead. Voluntary challenges: You went without food. You did not adorn yourself with jewelry or accessories. You did not cause conflict. You were not invisible. You did not have reflection. You were not displaced. You were an atheist. You never hit with a wielded weapon. You were a pacifist. You did not use containers. You did not apply a unicorn horn. You did not use plumbed fixtures. You were illiterate. You never genocided any monsters. You never polymorphed an object. You never changed form. You used no wishes. You never split a pudding. You never wrote Elbereth's name. You never violated your personal moral code. Dungeon overview: The Dungeons of Doom: levels 1 to 22 Level 1 a long staircase Level 2 Level 3 Level 4 Level 5 Level 6 Level 7 a fountain Level 8 Level 9 Level 10 Level 11 Level 12 Level 13 a fountain Level 14 Level 15 portal to The Quest Level 16 Level 17 Level 18 a fountain Level 19 Level 20 Level 21 Level 22 <- You were here The Quest: Level 1 portal to The Dungeons of Doom History has recorded: On T:1 you entered the Dungeons of Doom to retrieve the Amulet of Yendor! On T:10 you reached level 2 of The Dungeons of Doom. On T:16 you reached level 3 of The Dungeons of Doom. On T:23 you reached level 4 of The Dungeons of Doom. On T:30 you reached level 5 of The Dungeons of Doom. On T:32 you reached level 6 of The Dungeons of Doom. On T:39 you reached level 7 of The Dungeons of Doom. On T:45 you reached level 8 of The Dungeons of Doom. On T:51 you reached level 9 of The Dungeons of Doom. On T:57 you reached level 10 of The Dungeons of Doom. On T:64 you reached level 11 of The Dungeons of Doom. On T:70 you reached level 12 of The Dungeons of Doom. On T:77 you reached level 13 of The Dungeons of Doom. On T:85 you reached level 14 of The Dungeons of Doom. On T:92 you reached level 15 of The Dungeons of Doom. On T:93 you reached level 1 of The Quest. On T:101 you reached level 16 of The Dungeons of Doom. On T:101 you entered the Rogue tribute level. On T:107 you reached level 17 of The Dungeons of Doom. On T:113 you reached level 18 of The Dungeons of Doom. On T:120 you reached level 19 of The Dungeons of Doom. On T:126 you reached level 20 of The Dungeons of Doom. On T:136 you reached level 21 of The Dungeons of Doom. On T:144 you reached level 22 of The Dungeons of Doom. Score breakdown: Gold: 0 ( 0 points) Experience: 1 level ( 0 points) Exploration: 22 levels ( 630 points) Discoveries: 3 items ( 150 points) Variety of kills: 0 monsters ( 0 points) Major goal: (nothing yet) ( 0 points) Survival: died (score multiplied by 3) Total score: 2340 Latest messages: You see here a statue of a giant ant. You start digging downward. You continue digging downward. You dig a pit in the ground. You continue digging downward. (6x) You dig a hole through the ground. You fall through... You start digging downward. You continue digging downward. You dig a pit in the floor. You continue digging downward. The soldier ant is blinded by the flash! The soldier ant turns to flee! The soldier ant bumps right into you! The soldier ant bites! The soldier ant stings! The soldier ant bites! The soldier ant stings! You die... Final status: Aloha Doug the Tourist, killed by a soldier ant... You died in The Dungeons of Doom on dungeon level 22 with 2340 points, and 794 pieces of gold, after 148 moves. You were level 1 with a maximum of 14 hit points when you died.